 Dungeon Crawl Stone Soup version 0.28-a0-724-g66f9036eb4 (webtiles) character file.

Game seed: 16387884634622340869

23 meatgazer the Skirmisher (level 2, 0/24 HPs)
             Began as a Demonspawn Abyssal Knight on Oct 26, 2021.
             Was a Follower of Lugonu.
             Slain by Sigmund (13 damage)
             ... on level 2 of the Dungeon.
             The game lasted 00:02:38 (1583 turns).

meatgazer the Skirmisher (DsAK)                     Turns: 1583, Time: 00:02:38

Health: 0/24       AC: 17    Str: 13    XL:     2   Next: 75%
Magic:  4/4        EV:  3    Int: 11    God:    Lugonu [*.....]
Gold:   107        SH:  0    Dex: 13    Spells: 1/1 levels left

rFire   . . .      SeeInvis .   a - +1 falchion
rCold   . . .      Faith    .   (no shield)
rNeg    + . .      Spirit   .   c - +3 plate armour
rPois   .          Reflect  .   d - +0 hat of Hedonism {Rampage +Inv rN+}
rElec   .          Harm     .   e - +2 cloak
rCorr   .          Rampage  +   (no gloves)
Will    .....                   (no boots)
Stlth   ..........              (no amulet)
HPRegen 0.08/turn               g - ring of wizardry
MPRegen 0.09/turn               (no ring)

@: confused, attractive, very slightly contaminated
A: weakness stinger 1
a: Renounce Religion, Evoke Invisibility, Depart the Abyss


You were on level 2 of the Dungeon.
You worshipped Lugonu.
Lugonu was aware of your devotion.
You visited 1 branch of the dungeon, and saw 2 of its levels.
You visited the Abyss 1 time.

You collected 107 gold pieces.

Inventory:

Hand Weapons
 a - a +1 falchion (weapon)
Armour
 b - a +0 leather armour
 c - a +3 plate armour (worn)
 d - the +0 hat of Hedonism (worn) {Rampage +Inv rN+}
   (You acquired it on level 2 of the Abyss)

   rN:        It protects you from negative energy.
   +Inv:      It lets you turn invisible.
   Rampage:   It bestows one free step when moving towards enemies.
 e - a +2 cloak (worn)
Jewellery
 g - a ring of wizardry (left hand)
Potions
 f - 2 potions of invisibility


   Skills:
 + Level 3.2 Fighting
 + Level 2.1 Long Blades
 * Level 2.3 Armour
 - Level 0.8 Dodging
 + Level 2.9 Invocations


You had one spell level left.
You didn't know any spells.
Your spell library contained the following spells:

 Spells                   Type           Power      Damage    Failure   Level
 Gell's Gravitas          Tloc           0%         N/A       100%        3
 Lesser Beckoning         Tloc           0%         N/A       100%        3
 Teleport Other           Tloc           0%         N/A       100%        3


Dungeon Overview and Level Annotations

Branches:
Dungeon (2/15)

Altars:

Annotations:
D:2 Sigmund


Innate Abilities, Weirdness & Mutations

You have a small tail.


Message History

Sigmund barely misses you.
You bump into the rock wall.
You feel less confused.
Sigmund screams, "Only death can liberate you!"
Sigmund hits you with a +0 scythe.
You hit Sigmund.
Sigmund is lightly wounded.
You flicker for a moment.
The kobold hits you but does no damage. Sigmund gestures at you while chanting.
You resist with significant effort. The kobold hits you but does no damage.
You strike the helpless Sigmund from behind!
You slash Sigmund!
Sigmund is moderately wounded.
Sigmund drinks a potion.
Sigmund seems to grow stronger.
The kobold hits you but does no damage.
You hit Sigmund.
Sigmund is heavily wounded.
Sigmund hits you but does no damage. The kobold hits you but does no damage.
You hit Sigmund but do no damage.
Sigmund is heavily wounded.
Sigmund hits you with a +0 scythe. The kobold hits you but does no damage.
You hit Sigmund but do no damage.
Sigmund is heavily wounded.
Sigmund casts a spell at you.
You are confused.
You flicker back into view.
Sigmund gestures at you while chanting.
The puff of flame hits you but does no damage.
Sigmund is attracted toward you. Sigmund hits you but does no damage.
You bump into the rock wall.
You bump into the rock wall.
Sigmund gestures at you while chanting. You resist with significant effort.
You closely miss Sigmund.
Sigmund is heavily wounded.
Sigmund hits you with a +0 scythe!
Ouch! That really hurt!
You die...

#. #. ### .. #. #..
.. #.## #.####. ...
...... .. #.#.. #.
#.#.# #.#.###.#@#
#...<...@.#
..ยง.......>#.......#
####.#..............
# #####.#....>..#
#.###...### #.# #....
#.. ..... ... ..###


You could see Sigmund (strong).

Vanquished Creatures
  2 bats (D:1)
  2 endoplasms (D:1)
  2 giant cockroaches (D:1)
  A goblin (D:1)
  4 hobgoblins
  2 jackals (D:1)
  2 kobolds (D:1)
  A quokka (D:1)
  A ball python (D:1)
  A frilled lizard (D:1)
  A rat (D:1)
19 creatures vanquished.

Notes
Turn   | Place    | Note
-------+----------+-------------------------------------------
     0 | Abyss:1  | meatgazer the Demonspawn Abyssal Knight began the quest for
                  | the Orb.
     0 | Abyss:1  | Reached XP level 1. HP: 18/18 MP: 2/2
    12 | Abyss:1  | Found a viscous altar of Jiyva.
    94 | Abyss:2  | Noticed a small abomination
    99 | Abyss:2  | Noticed an ancient zyme
   102 | Abyss:2  | Identified a scroll of acquirement
   102 | Abyss:2  | Acquired the +0 hat of Hedonism {Rampage +Inv rN+}
   110 | Abyss:2  | Noticed a thrashing horror
   135 | Abyss:2  | Noticed a tentacled starspawn
   136 | Abyss:2  | Noticed a blink frog
   137 | D:1      | Escaped the Abyss
   588 | D:1      | Reached * piety under Lugonu
   690 | D:1      | Gained mutation: You have a small tail. [demonic ancestry]
   690 | D:1      | Reached XP level 2. HP: 14/24 MP: 4/4
  1366 | D:1      | Found a faded altar of an unknown god.
  1562 | D:2      | Noticed Sigmund
  1583 | D:2      | Slain by Sigmund

Illustrated notes

Levels and vault maps discovered:
D:1:      minmay_arrival_solitary_statue, layout_basic,
          ebering_ecumenical_altar_webs, hangedman_decor_points
D:2:      layout_loops_ring, minmay_pentomino_t4, uniq_crazy_yiuf_cottage,
          uniq_sigmund

Skill      XL: |  1  2 |
---------------+-------+-----
Armour         | 2 |  2.3
Long Blades    | 2 |  2.1
Fighting       | |  3.2
Dodging        | |  0.8
Invocations    | |  2.9

Action                   || total
-------------------------++-------
Melee: Falchion          ||    72
       Tailslap          ||     5
Invok: Depart the Abyss  ||     1
  Use: Potion            ||     3
       Scroll            ||     2
 Stab: Invisible         ||     1
Armor: Plate armour      ||    95
Dodge: Dodged            ||    17

Table legend: (Time is in decaauts)
 A = Elapsed time spent in this place.
 B = Non-inter-level travel time spent in this place.
 C = Inter-level travel time spent in this place.
 D = Time resting spent in this place.
 E = Time spent auto-exploring this place.
 F = Levels seen in this place.
 G = Mean time per level.
                   A        B        C        D        E       F      G
               +--------+--------+--------+--------+--------+-----+--------+
         Total |   1596 |   1574 |     22 |    367 |    956 |   4 |  399.0 |
       Dungeon |   1459 |   1437 |     22 |    367 |    907 |   2 |  729.5 |
         Abyss |    137 |    137 |      0 |      0 |     49 |   2 |   68.5 |
               +--------+--------+--------+--------+--------+-----+--------+

Top non-repeatable levels by time:
     D:1: 1436 daAuts
 Abyss:2: 90 daAuts
 Abyss:1: 47 daAuts
     D:2: 22 daAuts
